Map: Ice and Chrome LE

Players

BerryRAWR - Winner!

  • Race: Terran Terran
  • League: Grandmaster
  • Spawn Location: 7:00

BamBam

  • Race: Zerg Zerg
  • League: Master
  • Spawn Location: 1:00

VOD

Have the link to the VOD?

Description

Time

  • Played on: June 26, 2020, 2:29 a.m.
  • Length: 25:23
Show
View Real Time Build Order
Export as new Build Order

BerryRAWR Terran - Winner!

Build Orders: Gas First Reaper Expand 

Get SALT Encoding   

  12  0:01  SCV  
  13  0:13  SCV  
  14  0:17  Supply Depot  
  14  0:25  SCV  
  15  0:32  Refinery  
  15  0:38  SCV  
  16  0:44  Barracks  
  16  0:50  SCV  
  17  1:02  SCV  
  18  1:15  SCV  
  19  1:31  Reaper, Orbital Command  
  20  1:44  Command Center  
  20  1:58  SCV  
  20  2:00  Factory  
  21  2:10  Barracks Reactor  
  21  2:11  SCV  
  21  2:14  Supply Depot  
  22  2:21  Refinery  
  22  2:23  SCV  
  23  2:36  SCV  
  24  2:48  SCV  
  24  2:51  Starport  
  25  2:52  Hellion x2  
  29  2:58  Orbital Command  
  29  3:01  Marine  
  30  3:06  SCV  
  31  3:18  SCV  
  31  3:19  Marine  
  33  3:27  SCV  
  33  3:32  Starport Tech Lab  
  34  3:34  Supply Depot  
  34  3:36  SCV  
  34  3:38  Fusion Core  
  34  3:39  SCV  
  38  3:41  Hellion  
  38  3:42  Refinery  
  38  3:44  Hellion  
  40  3:48  SCV  
  40  3:51  SCV  
  42  4:00  SCV, Supply Depot  
  43  4:03  SCV  
  43  4:09  Hellion x2  
  47  4:12  SCV  
  47  4:15  SCV  
  49  4:24  SCV  
  49  4:25  Battlecruiser  
  49  4:27  SCV  
  59  4:37  SCV  
  58  4:39  SCV  
  58  4:42  Supply Depot  
  59  4:49  SCV  
  59  4:52  SCV  
  61  4:53  Weapon Refit  
  61  5:01  SCV, Command Center  
  61  5:04  SCV  
  61  5:05  Supply Depot, Refinery  
  63  5:08  Supply Depot  
  63  5:13  SCV  
  64  5:16  SCV, Hellion x2  
  69  5:25  SCV  
  70  5:28  SCV  
  70  5:29  Battlecruiser  
  77  5:40  Factory x2  
  77  5:46  Armory  
  77  5:47  SCV  
  77  5:48  Engineering Bay  
  78  5:53  Supply Depot  
  78  5:59  Hellion x2  
  78  6:01  SCV x2  
  78  6:04  Armory  
  84  6:07  Supply Depot  
  84  6:13  SCV x2  
  84  6:18  Orbital Command  
  86  6:21  Hellion  
  86  6:25  SCV x2, Hellion  
  92  6:26  Factory Tech Lab  
  92  6:27  Factory Tech Lab  
  84  6:37  SCV x2, Terran Vehicle And Ship Armor Level 1  
  82  6:49  SCV  
  82  6:53  Battlecruiser  
  89  6:55  Cyclone x2  
  89  6:57  Orbital Command  
  89  6:58  SCV, Hellion x2  
  100  7:07  SCV  
  101  7:15  Terran Vehicle Weapons Level 1  
  101  7:17  Refinery  
  101  7:20  Command Center  
  101  7:22  Hellion x2, Refinery  
  105  7:24  Mag-Field Accelerator  
  105  7:25  Infernal Pre-Igniter  
  105  7:26  SCV  
  106  7:33  SCV  
  107  7:41  SCV x2  
  109  7:45  SCV  
  110  7:53  SCV  
  110  7:54  SCV, Supply Depot  
  110  7:56  Supply Depot  
  99  8:06  SCV  
  100  8:20  Hellion, Cyclone x2  
  100  8:21  Hellion  
  100  8:22  Barracks Reactor  
  100  8:23  SCV x3  
  100  8:24  Factory  
  100  8:26  Factory  
  113  8:28  Supply Depot  
  113  8:30  Supply Depot  
  113  8:35  SCV  
  113  8:37  Missile Turret  
  113  8:40  Supply Depot, Missile Turret x2  
  106  8:43  Missile Turret x2  
  106  8:49  Widow Mine x2  
  106  9:02  SCV x2  
  91  9:15  Cyclone x2  
  91  9:16  Factory Tech Lab  
  87  9:20  SCV  
  87  9:21  SCV x2  
  87  9:22  Missile Turret  
  86  9:25  Missile Turret  
  86  9:32  SCV  
  86  9:33  SCV x2  
  91  9:38  Hellion, Cyclone  
  91  9:44  SCV  
  91  9:45  SCV x2  
  97  9:47  Cyclone, Widow Mine x3, Terran Vehicle And Ship Armor Level 2  
  97  9:50  Terran Vehicle Weapons Level 2  
  106  9:56  SCV  
  106  9:57  SCV x2  
  106  9:59  Cyclone  
  112  10:03  Missile Turret  
  113  10:08  SCV  
  113  10:09  SCV x2, Orbital Command  
  115  10:15  Hellion x2  
  115  10:20  SCV  
  115  10:21  SCV, Hellion, Cyclone x2  
  124  10:27  Hellion  
  127  10:32  Hellion  
  123  10:37  Hellion x2  
  127  10:51  Hellion x2  
  127  10:53  Cyclone x3  
  140  10:57  Factory x2  
  140  11:00  Factory  
  140  11:05  Widow Mine  
  140  11:06  Widow Mine  
  140  11:08  Supply Depot  
  140  11:09  Supply Depot  
  144  11:11  Supply Depot  
  144  11:19  Hellion x2  
  144  11:25  Cyclone x3  
  141  11:45  Factory Reactor, Factory Tech Lab x2  
  141  11:46  Hellion x4  
  147  11:50  SCV x3  
  147  11:51  Orbital Command  
  150  11:57  Cyclone x2  
  148  12:02  Cyclone  
  148  12:04  Refinery  
  148  12:05  Refinery  
  129  12:12  Drilling Claws  
  129  12:14  Siege Tank  
  118  12:18  Siege Tank  
  118  12:19  Hellion x4  
  118  12:20  SCV x2  
  118  12:21  SCV x2  
  131  12:32  SCV  
  131  12:33  Hellion  
  131  12:34  Hellion x2, Command Center  
  138  12:45  Missile Turret, Sensor Tower  
  138  12:48  Cyclone, Missile Turret, Sensor Tower  
  138  12:49  Cyclone x2  
  138  12:51  Hellion  
  149  12:54  Hellion x2  
  149  12:55  Hellion  
  153  12:59  Siege Tank  
  156  13:05  Terran Vehicle And Ship Armor Level 3  
  156  13:08  Terran Vehicle Weapons Level 3  
  156  13:10  Starport Reactor  
  116  13:44  Cyclone x3  
  116  13:46  Cyclone x2  
  116  13:47  Hellion x6  
  124  13:52  Planetary Fortress  
  124  13:55  Command Center  
  104  14:04  SCV  
  104  14:08  Hellion  
  105  14:13  SCV x2  
  105  14:14  Command Center  
  105  14:15  Liberator x2  
  105  14:16  Cyclone x2  
  118  14:22  Siege Tank  
  118  14:23  Siege Tank  
  124  14:30  Hellion x2, Siege Tank  
  131  14:33  SCV x2  
  131  14:34  SCV  
  134  14:48  Cyclone x2  
  134  14:55  Hellion x2, Cyclone x2  
  144  15:00  Hellion x3  
  144  15:02  SCV  
  144  15:03  Cyclone  
  152  15:18  Hellion  
  152  15:20  Siege Tank x2  
  160  15:25  SCV x3  
  160  15:26  SCV  
  160  15:27  Siege Tank  
  167  15:31  Refinery  
  167  15:33  Refinery  
  167  15:40  Siege Tank x2  
  167  15:41  Hellion  
  171  15:52  Cyclone  
  155  16:06  Siege Tank  
  155  16:07  Hellion  
  155  16:10  Planetary Fortress  
  160  16:20  Cyclone x2  
  160  16:21  Hellion  
  160  16:22  Hellion  
  170  16:30  SCV x3  
  170  16:31  SCV  
  170  16:32  SCV  
  134  16:56  Siege Tank x2  
  140  17:10  Cyclone x2  
  140  17:11  Hellion x2  
  140  17:12  Terran Ship Weapons Level 1  
  140  17:13  SCV x2  
  152  17:19  Command Center  
  152  17:20  Command Center  
  152  17:28  SCV x2  
  151  17:30  Missile Turret x2  
  151  17:31  Missile Turret  
  151  17:35  Thor  
  151  17:36  Hellion x2  
  161  17:50  SCV x2  
  163  17:57  Cyclone  
  162  18:00  Hellion x2, Siege Tank x2  
  166  18:08  SCV  
  166  18:09  Hellion x2, Siege Tank  
  166  18:12  Hellion  
  176  18:18  Siege Tank  
  179  18:25  Hellion x3  
  185  18:30  Siege Tank  
  185  18:32  Siege Tank x2  
  185  18:33  Sensor Tower  
  194  18:38  Orbital Command, Sensor Tower  
  194  18:41  Siege Tank  
  197  18:50  Refinery, Siege Tank  
  197  18:52  Refinery  
  197  19:02  Siege Tank  
  200  19:08  Siege Tank  
  200  19:15  Ghost Academy  
  159  19:39  SCV  
  159  19:40  SCV x2  
  159  19:44  Cyclone x4  
  159  19:45  Hellion x6  
  177  19:48  SCV, Planetary Fortress  
  172  19:57  Missile Turret x2, Command Center  
  172  19:58  Missile Turret  
  164  20:09  Cyclone  
  164  20:11  Hellion x2  
  171  20:16  Cyclone  
  162  20:28  Cyclone x2  
  162  20:29  Hellion x3  
  174  20:45  Command Center  
  174  20:49  Cyclone x2  
  176  20:53  Cyclone  
  179  21:00  Cyclone  
  179  21:01  Cyclone  
  174  21:24  Command Center  
  177  21:25  Cyclone x2  
  178  21:42  Hellion x2, Cyclone x2  
  178  21:43  Hellion, Liberator  
  178  21:45  SCV x2  
  195  21:49  Cyclone  
  198  21:55  Command Center  
  198  22:08  Medivac  
  200  22:20  Missile Turret  
  200  22:23  Missile Turret  
  200  22:25  Missile Turret  
  200  22:29  Cyclone  
  177  22:53  Siege Tank x2  
  183  22:59  Orbital Command  
  180  23:05  Command Center  
  180  23:07  Refinery  
  180  23:08  Planetary Fortress  
  180  23:09  Missile Turret, Refinery  
  180  23:12  Neosteel Armor  
  166  23:29  Siege Tank x2  
  166  23:30  Hellion x2, Siege Tank x3  
  166  23:31  Hellion x4  
  180  23:42  Sensor Tower  
  179  23:52  Hellion x2  
  179  23:53  Orbital Command, Liberator x2  
  179  23:54  Advanced Ballistics  
  189  24:01  Siege Tank  
  189  24:02  Siege Tank x2  
  187  24:15  Siege Tank x2  
  159  24:27  Hellion x2  
  159  24:28  Hellion  
  158  24:34  Siege Tank x3  
  158  24:36  Liberator  
  166  24:44  SCV x3  
  164  24:47  Siege Tank x2  
  164  24:51  Hellion x3  
  164  24:52  Hellion x2  
  167  24:54  Hellion  
  167  24:58  SCV x2  
Show
View Real Time Build Order
Export as new Build Order

BamBam Zerg 

Build Orders: Hatch First 

Get SALT Encoding   

  12  0:01  Drone  
  13  0:09  Drone  
  14  0:20  Extractor x2  
  12  0:22  Drone x2  
  12  0:28  Overlord  
  16  0:50  Hatchery  
  16  0:52  Drone  
  16  0:56  Drone  
  17  0:59  Drone  
  17  1:01  Extractor  
  17  1:05  Drone  
  18  1:19  Spawning Pool  
  18  1:23  Drone  
  18  1:27  Drone  
  19  1:38  Drone  
  20  1:42  Evolution Chamber  
  19  1:48  Overlord  
  19  2:07  Queen  
  21  2:09  Zerg Melee Weapons Level 1  
  21  2:12  Queen  
  23  2:17  Zergling x2  
  23  2:20  Drone  
  25  2:23  Drone  
  25  2:26  Drone  
  27  2:30  Drone  
  28  2:38  Metabolic Boost  
  28  2:41  Drone  
  28  2:43  Drone  
  29  2:48  Overlord  
  29  2:54  Overlord  
  29  2:59  Drone x2  
  29  3:02  Drone  
  32  3:16  Hatchery  
  31  3:21  Drone x2  
  33  3:30  Drone x4  
  37  3:42  Zergling x2  
  37  3:43  Zergling x6  
  37  3:46  Pneumatized Carapace  
  41  3:49  Zergling x2  
  41  3:53  Zergling x2  
  43  4:02  Drone  
  44  4:03  Overlord x3  
  44  4:16  Extractor  
  43  4:21  Queen  
  43  4:23  Drone x6  
  51  4:32  Drone x6  
  51  4:33  Queen  
  51  4:37  Spore Crawler  
  58  4:39  Spore Crawler  
  58  4:43  Baneling Nest  
  56  4:46  Zergling x6  
  56  4:49  Zergling x2  
  60  4:53  Queen  
  60  4:58  Zergling x8  
  66  5:07  Spore Crawler  
  66  5:10  Queen x2  
  69  5:18  Drone x5  
  74  5:21  Overlord  
  74  5:25  Overlord  
  73  5:36  Lair, Extractor  
  73  5:37  Overlord x2  
  72  5:43  Drone x4  
  72  5:48  Zerg Ground Armor Level 1  
  76  5:51  Drone x3  
  78  6:00  Zergling x10  
  83  6:06  Zergling x8  
  83  6:09  Zergling x2  
  88  6:32  Drone x8  
  95  6:33  Drone x2  
  95  6:37  Spire  
  95  6:39  Spore Crawler  
  93  6:40  Drone x2  
  95  6:49  Drone x2  
  95  6:50  Drone  
  98  6:56  Roach Warren  
  96  7:02  Hatchery  
  95  7:09  Drone x3  
  95  7:10  Spawning Pool, Overlord x3  
  95  7:40  Drone x3  
  95  7:42  Extractor  
  95  7:43  Drone x3  
  90  8:01  Mutalisk x8  
  96  8:08  Extractor x2  
  95  8:12  Zergling x2  
  95  8:13  Zergling x8  
  95  8:15  Mutalisk x2  
  103  8:25  Spore Crawler  
  102  8:29  Zergling x8  
  102  8:59  Infestation Pit  
  96  9:14  Drone  
  96  9:15  Drone x18  
  109  9:36  Spore Crawler  
  109  9:37  Spore Crawler  
  109  9:38  Pathogen Glands  
  107  9:39  Spine Crawler x2, Extractor  
  107  9:40  Extractor  
  107  9:41  Zerg Ground Armor Level 2  
  107  9:45  Glial Reconstitution  
  103  9:46  Evolution Chamber x2  
  103  9:50  Burrow, Drone  
  103  9:51  Drone x5  
  103  9:52  Zergling x2  
  108  9:53  Zergling x14  
  115  10:02  Roach x3  
  115  10:03  Roach x3  
  127  10:09  Overlord x2  
  127  10:22  Overlord x2  
  126  10:32  Corruptor x8  
  126  10:34  Neural Parasite  
  142  10:39  Zerg Melee Weapons Level 2  
  142  10:40  Zerg Missile Weapons Level 1  
  142  10:41  Infestor  
  142  10:42  Infestor  
  146  10:54  Hatchery  
  145  10:57  Infestor  
  145  10:58  Infestor  
  145  11:01  Zergling x12  
  145  11:02  Zergling x10  
  160  11:07  Overlord x3  
  160  11:39  Mutalisk  
  139  11:41  Roach x9  
  139  11:42  Roach x9  
  172  11:52  Infestor x3  
  129  12:19  Drone x2  
  131  12:26  Queen x4  
  139  12:33  Hatchery  
  139  12:35  Zergling x2  
  139  12:36  Zergling x26  
  152  12:38  Ravager x3  
  152  12:39  Ravager x6  
  152  12:40  Ravager x4  
  165  12:45  Drone x2  
  164  12:52  Overseer x2  
  164  13:06  Hive  
  164  13:09  Zerg Missile Weapons Level 2  
  164  13:11  Roach x6  
  164  13:12  Roach x2  
  121  14:12  Roach x6  
  121  14:13  Roach x13  
  121  14:15  Overlord x5  
  159  14:27  Hydralisk Den  
  158  14:36  Roach x8  
  158  14:37  Roach  
  177  14:38  Ravager x3  
  177  14:39  Ravager x8  
  177  14:45  Hatchery  
  185  14:52  Hatchery x2, Drone x7  
  182  14:55  Zerg Ground Armor Level 3  
  181  15:03  Drone x6  
  181  15:04  Drone x3  
  190  15:07  Grooved Spines  
  190  15:09  Hatchery  
  190  15:10  Lurker Den  
  188  15:19  Hydralisk  
  188  15:20  Hydralisk x5  
  200  15:35  Spine Crawler  
  200  15:36  Spine Crawler  
  200  15:37  Spine Crawler  
  189  15:53  Infestor, Roach  
  189  15:54  Infestor x3, Roach x9  
  167  16:04  Zergling x2  
  167  16:05  Zergling x34  
  167  16:10  Ravager x2  
  167  16:11  Ravager x7  
  179  16:12  Ravager x3  
  179  16:16  Seismic Spines  
  183  16:19  Infestor, Corruptor x2  
  132  16:55  Hydralisk x5  
  142  17:01  Drone  
  142  17:02  Drone x18  
  161  17:09  Spine Crawler x2  
  161  17:11  Spine Crawler, Spore Crawler x2, Lurker x3  
  161  17:12  Spore Crawler, Lurker  
  161  17:13  Zergling x2  
  161  17:14  Zergling x18  
  161  17:15  Adrenal Glands  
  167  17:42  Hydralisk x6  
  175  17:56  Spore Crawler  
  169  17:59  Lurker x4  
  169  18:00  Lurker  
  169  18:04  Drone  
  169  18:05  Drone x15  
  175  18:06  Drone x5  
  186  18:13  Lurker x2  
  186  18:16  Lurker  
  186  18:19  Viper x2  
  195  18:28  Extractor x2  
  195  18:29  Spore Crawler  
  195  18:30  Spore Crawler, Drone x5  
  195  18:31  Spore Crawler, Drone  
  196  18:34  Viper  
  196  18:37  Extractor  
  196  18:38  Extractor  
  197  18:44  Zergling x4  
  199  19:09  Adaptive Talons  
  172  19:22  Hydralisk x14  
  172  19:23  Hydralisk  
  160  19:48  Drone x3  
  149  19:53  Lurker x3  
  149  19:55  Drone  
  149  19:56  Drone x6  
  149  19:58  Extractor  
  156  20:04  Baneling Nest  
  156  20:06  Viper  
  156  20:20  Zergling x12  
  156  20:21  Zergling x18  
  164  20:26  Hatchery  
  162  20:28  Lurker x2  
  162  20:29  Lurker x4  
  162  20:33  Overseer x3  
  167  20:42  Spore Crawler  
  166  20:43  Spore Crawler  
  166  20:44  Spore Crawler  
  166  20:45  Spore Crawler  
  166  20:46  Hydralisk x4  
  166  20:47  Hydralisk x2  
  131  21:36  Hydralisk x5  
  131  21:37  Hydralisk x7  
  141  21:45  Viper x2  
  121  21:52  Extractor  
  121  21:53  Extractor  
  119  21:58  Viper  
  122  22:10  Lurker x2  
  122  22:11  Lurker x2  
  122  22:13  Drone x3  
  129  22:18  Hydralisk x2  
  122  22:42  Viper x2  
  121  22:45  Zergling x30  
  134  22:52  Lurker  
  128  23:09  Zergling x2  
  128  23:10  Zergling x18  
  121  23:37  Hydralisk  
  121  23:38  Hydralisk x6  
  132  23:56  Lurker  
  132  23:57  Lurker x7  
  140  24:04  Hydralisk x4  
  144  24:16  Hydralisk x3  
  138  24:29  Spore Crawler  
  138  24:30  Spore Crawler  
  127  24:37  Hydralisk x3  
  128  25:07  Spore Crawler  
Tags
 
Add a new tag
Caveats
  • Supply blocks, unpowered buildings, or Contaminate may cause inaccurate times.
  • Supply counts are checked every 10 seconds.